 Dungeon Crawl Stone Soup version 0.25-a0-404-gc1b5a34292 (webtiles) character file.

Game seed: 15801087757483025258, levelgen mode: deterministic

91 DeadFury222 the Chopper (level 4, -3/41 HPs)
             Began as a Hill Orc Monk on Jan 10, 2020.
             Slain by a gnoll
             ... wielding a +0 spear
              (8 damage)
             ... on level 2 of the Dungeon.
             The game lasted 00:03:40 (1425 turns).

DeadFury222 the Chopper (Hill Orc Monk)             Turns: 1425, Time: 00:03:40

Health: -3/41      AC:  2    Str: 13 (14) XL:     4   Next: 57%
Magic:  4/4        EV: 12    Int:  9 (10) God:
Gold:   68         SH:  0    Dex: 12 (13) Spells: 3/3 levels left

rFire    . . .     SeeInvis .   a - +0 hand axe
rCold    . . .     Gourm    .   (no shield)
rNeg     . . .     Faith    .   b - +0 robe
rPois    .         Spirit   .   (no helmet)
rElec    .         Reflect  .   (no cloak)
rCorr    .         Harm     .   (no gloves)
MR       .....                  (no boots)
Stlth    ++........             (no amulet)
HPRegen  0.13/turn              (no ring)
MPRegen  0.09/turn              (no ring)

@: no status effects
A: no striking features
a: no special abilities


You were on level 2 of the Dungeon.
You were hungry.

You visited 1 branch of the dungeon, and saw 2 of its levels.

You collected 68 gold pieces.

Inventory:

Hand Weapons
 a - a +0 hand axe (weapon)
Missiles
 d - 71 stones (quivered)
Armour
 b - a +0 robe (worn)
Scrolls
 e - 4 scrolls of remove curse {unknown}
 f - a scroll of enchant armour {unknown}
 i - 2 scrolls of identify {unknown}
Comestibles
 c - 4 rations


   Skills:
 + Level 4.4 Fighting
 * Level 5.6 Axes
 + Level 2.0 Armour
 - Level 2.4 Dodging
 - Level 1.5 Stealth


You had 3 spell levels left.
You didn't know any spells.
Your spell library was empty.

Dungeon Overview and Level Annotations

Branches:
Dungeon (2/15)

Altars:


Message History

You kill the gnoll!
Your Armour skill increases to level 2!
You barely miss the kobold. The kobold hits you.
* * * LOW HITPOINT WARNING * * *
You hit the kobold.
The kobold is severely wounded.
The kobold barely misses you.
You hit the kobold.
You kill the kobold!
You start resting.
A gnoll comes into view. It is wielding a +0 spear.
The gnoll hits you but does no damage.
You see here a gnoll corpse.
You slash the gnoll!
The gnoll is severely wounded.
The gnoll closely misses you.
You barely miss the gnoll.
The gnoll is severely wounded.
The gnoll hits you with a +0 spear!
You die...

.#.#.###..# ........... ..
##...###... .. #...###...
#.####### #...#...#. #...
...# #...#...+. ...
#.#######...#...#.
#.###...........#####.
#.###...g@..........######
#......(#........#........
#.......##########.##.....
.........# #.##.####
.##......# #.##.# #......#
#.[..# #......# ######
#..g...# #.K....#


You could see a gnoll.

Vanquished Creatures
  2 gnolls (D:2)
  3 adders (D:2)
  A dart slug (D:1)
  3 leopard geckos
  A ball python (D:1)
  5 bats
  6 giant cockroaches (D:1)
  4 goblins (D:1)
  2 frilled lizards
  7 kobolds
  6 rats
40 creatures vanquished.

Notes
Turn   | Place    | Note
-------+----------+-------------------------------------------
     0 | D:1      | DeadFury222 the Hill Orc Monk began the quest for the Orb.
     0 | D:1      | Reached XP level 1. HP: 19/19 MP: 1/1
   153 | D:1      | Reached XP level 2. HP: 24/27 MP: 2/2
   400 | D:1      | Reached skill level 1 in Armour
   475 | D:1      | Reached XP level 3. HP: 30/33 MP: 3/3
   498 | D:1      | You fall into a shaft and drop 1 floor!
   534 | D:2      | Reached skill level 5 in Axes
  1196 | D:2      | Reached XP level 4. HP: 32/40 MP: 4/4
  1391 | D:2      | HP: 1/41 [kobold (3)]
  1425 | D:2      | Slain by a gnoll

Levels and vault maps discovered:
D:1:      minmay_arrival_split_and_join, layout_basic, minmay_worlds_worst_comb
D:2:      layout_basic, grunt_dithmenos_smoke_and_mirrors, first_ration,
          minmay_tromino_v4_b, uniq_terence

Skill      XL: |  1  2  3  4 |
---------------+-------------+-----
Armour         | 1 2 |  2.0
Fighting       | 4 |  4.4
Axes           | 5 |  5.6
Dodging        | |  2.4
Stealth        | |  1.5

Action                   |  1- 3 |  4- 6 || total
-------------------------+-------+-------++-------
Melee: Hand axe          |   101 |    28 ||   129
Throw: Stone             |     2 |       ||     2
  Use: Potion            |       |     1 ||     1
 Stab: Sleeping          |    10 |     1 ||    11
  Eat: Chunk             |     1 |       ||     1
Armor: Robe              |    19 |     2 ||    21
Dodge: Dodged            |    67 |    22 ||    89

Table legend:
 A = Non-vault XP
 B = Vault XP
 C = Vault XP percentage of total XP
 D = Non-vault monster count
 E = Vault monster count
 F = Vault count percentage of total count
                 A         B        C        D         E       F
            +---------+---------+-------+---------+---------+-------
      Total |     120 |      10 |   7.7 |      35 |       5 |  12.5
            +---------+---------+-------+---------+---------+-------
        D:1 |      40 |      10 |  20.0 |      22 |       5 |  18.5
        D:2 |      80 |       0 |   0.0 |      13 |       0 |   0.0
            +---------+---------+-------+---------+---------+-------
